 Dungeon Crawl Stone Soup version 0.22-a0-538-g76cc104 (webtiles) character file.

2301 jamsan the Protected (level 9, -12/83 HPs)
             Began as a Minotaur Fighter on June 23, 2018.
             Was a Follower of Makhleb.
             Mangled by an ogre
             ... wielding a +0 giant club
              (26 damage)
             ... on level 7 of the Dungeon.
             The game lasted 00:14:07 (6283 turns).

jamsan the Protected (Minotaur Fighter)             Turns: 6283, Time: 00:14:07

Health: -12/83     AC:  8    Str: 24    XL:     9   Next: 17%
Magic:  8/8        EV:  9    Int:  5    God:    Makhleb [*.....]
Gold:   179        SH:  9    Dex: 10    Spells: 8/8 levels left

rFire    + . .     SeeInvis .   l - +1 hand axe (chop)
rCold    . . .     Gourm    .   c - +0 shield
rNeg     + . .     Faith    .   b - +0 scale mail
rPois    .         Spirit   .   (helmet restricted)
rElec    .         Reflect  .   (no cloak)
rCorr    .         Harm     .   (no gloves)
MR       .....                  (no boots)
Stlth    ..........             (no amulet)
HPRegen  0.23/turn              d - ring of protection from fire
MPRegen  0.11/turn              g - ring of positive energy

@: lethally poisoned (-12 -> -20)
A: retaliatory headbutt, horns 2
a: Renounce Religion


You were on level 7 of the Dungeon.
You worshipped Makhleb.
Makhleb was aware of your devotion.
You were not hungry.

You visited 2 branches of the dungeon, and saw 8 of its levels.

You collected 389 gold pieces.
You spent 210 gold pieces at shops.

Inventory:

Hand Weapons
 a - a +0 war axe
 l - a +1 hand axe of chopping (weapon)
Armour
 b - a +0 scale mail (worn)
 c - a +0 shield (worn)
Jewellery
 d - a ring of protection from fire (left hand)
 g - a ring of positive energy (right hand)
 q - an uncursed ring of poison resistance {unknown}
 u - an uncursed ring of flight {unknown}
 B - a cursed +3 amulet of reflection {unknown}
Wands
 v - a wand of clouds (5)
Scrolls
 h - 6 scrolls of identify
 i - 3 scrolls of fear {unknown}
 j - a scroll of enchant weapon {unknown}
 k - 3 scrolls of teleportation
 p - 2 scrolls of remove curse {unknown}
 r - 3 scrolls of noise {unknown}
 t - a scroll of blinking {unknown}
 w - 2 scrolls of fog {unknown}
 y - a scroll of magic mapping {unknown}
 A - a scroll of brand weapon {unknown}
Potions
 m - a potion of resistance
 n - 2 potions of brilliance
 o - a potion of curing
 s - a potion of magic
 x - a potion of flight
 z - a potion of haste
Comestibles
 f - 10 rations


   Skills:
 + Level 9.0 Fighting
 + Level 8.5 Axes
 + Level 9.0 Armour
 - Level 3.0 Dodging
 - Level 3.6 Shields


You had 8 spell levels left.
You didn't know any spells.
Your spell library contained the following spells:

 Spells                   Type           Power        Failure   Level  Hunger
 Apportation              Tloc           #.....       99%         1    ##.....
 Throw Frost              Conj/Ice       #.....       100%        2    ###....
 Summon Small Mammal      Summ           #...         99%         1    ##.....
 Animate Skeleton         Necr           N/A          99%         1    ##.....
 Freeze                   Ice            #...         99%         1    ##.....
 Summon Ice Beast         Ice/Summ       #.......     100%        4    #####..
 Ozocubu's Armour         Chrm/Ice       #.......     100%        3    ####...
 Throw Icicle             Conj/Ice       #.......     100%        4    #####..
 Confusing Touch          Hex            #.....       99%         1    ##.....


Dungeon Overview and Level Annotations

Branches:
Dungeon (7/15)             Temple (1/1) D:5

Altars:
Ashenzari
Cheibriados
Dithmenos
Elyvilon
Fedhas
Gozag
Hepliaklqana
Kikubaaqudgha
Makhleb
Nemelex Xobeh
Okawaru
Qazlal
Ru
Sif Muna
Trog
Uskayaw
Vehumet
Xom
Yredelemnul
The Shining One

Shops:
D:4 (   D:5 !


Innate Abilities, Weirdness & Mutations

You reflexively headbutt those who attack you in melee.
You have a pair of horns on your head.


Message History

An ogre comes into view. It is wielding a giant club.
The ogre shouts!
You hear a croak.
Makhleb accepts your kill.
Your Fighting skill increases to level 9!
Your Armour skill increases to level 9!
You feel a bit more experienced. You block the ogre's attack.
You hit the ogre.
You headbutt the ogre, but do no damage.
The ogre is lightly wounded.
You feel sick.
A worker ant comes into view.
You block the ogre's attack.
You hit the ogre. You headbutt the ogre!
The ogre is severely wounded.
You feel yourself speed up.
You feel sick. The ogre closely misses you.
You hit the ogre.
The ogre is severely wounded.
You feel sick. The ogre hits you with a giant club!!
You die...

.....#.
...... ##....
##..a.#
..###.....##
...........##
.......O....#
#@.# #..#
#.## ..# ..#
..## #. ##


You could see an ogre and a worker ant.

Vanquished Creatures
  A two-headed ogre (D:6)
  A hornet (D:7)
  A water moccasin (D:6)
  An ice beast (D:6)
  A black bear (D:6)
  2 orc warriors
  An ogre (D:6)
  2 centaurs
  A bullfrog (D:6)
  A scorpion (D:4)
  4 wights (D:6)
  A howler monkey (D:5)
  A crimson imp (D:7)
  A bullfrog zombie (D:6)
  5 orc wizards
  2 hounds
  An orc priest (D:5)
  A centaur skeleton (D:6)
  2 iguanas (D:6)
  A worker ant (D:6)
  Robin (D:3)
  4 gnolls (D:6)
  A howler monkey skeleton (D:5)
  3 adders
  A shadow imp (D:4)
  An ooze (D:5)
  2 worms (D:3)
  A dart slug (D:1)
  7 leopard geckos
  16 orcs
  8 giant cockroaches
  13 goblins
  12 hobgoblins
  15 jackals
  A quokka (D:3)
  A ball python skeleton (D:4)
  6 bats
  5 frilled lizards
  A jackal skeleton (D:4)
  5 kobolds (D:1)
  5 rats
140 creatures vanquished.

Notes
Turn   | Place    | Note
-------+----------+-------------------------------------------
     0 | D:1      | jamsan the Minotaur Fighter began the quest for the Orb.
     0 | D:1      | Reached XP level 1. HP: 19/19 MP: 0/0
   148 | D:1      | Reached XP level 2. HP: 26/27 MP: 1/1
   201 | D:1      | Reached skill level 1 in Dodging
   745 | D:1      | Reached XP level 3. HP: 33/33 MP: 2/2
  1377 | D:2      | Found a deep blue altar of Sif Muna.
  1635 | D:3      | Reached XP level 4. HP: 9/40 MP: 3/3
  1967 | D:3      | Found a shadowy altar of Dithmenos.
  2067 | D:3      | Found a hide-covered altar of Uskayaw.
  2069 | D:3      | Found an iron altar of Okawaru.
  2072 | D:3      | Found a stormy altar of Qazlal.
  2086 | D:3      | Found a radiant altar of Vehumet.
  2086 | D:3      | Found a hazy altar of Hepliaklqana.
  2182 | D:3      | Found a snail-covered altar of Cheibriados.
  2426 | D:3      | Found a sacrificial altar of Ru.
  2446 | D:3      | Reached XP level 5. HP: 47/47 MP: 4/4
  2601 | D:3      | Found an opulent altar of Gozag.
  2642 | D:3      | Noticed an orc warrior
  2650 | D:3      | Killed an orc warrior
  2650 | D:3      | Reached skill level 5 in Fighting
  2650 | D:3      | Reached skill level 5 in Armour
  2816 | D:3      | Noticed Robin
  2817 | D:3      | Reached XP level 6. HP: 56/56 MP: 5/5
  2847 | D:3      | Killed Robin
  3592 | D:4      | Found Qeepneisk's Weapon Shop.
  3680 | D:5      | Entered Level 5 of the Dungeon
  3711 | D:5      | Found a shattered altar of Ashenzari.
  3876 | D:5      | Found a staircase to the Ecumenical Temple.
  3878 | D:5      | Reached skill level 5 in Axes
  3889 | D:5      | Found Tiluangi's Distillery.
  3893 | Temple   | Entered the Ecumenical Temple
  4009 | Temple   | Became a worshipper of Makhleb the Destroyer
  4060 | D:5      | Reached XP level 7. HP: 57/62 MP: 6/6
  4080 | D:5      | Bought a potion of haste for 140 gold pieces
  4080 | D:5      | Bought a potion of heal wounds for 70 gold pieces
  4655 | D:6      | Noticed a two-headed ogre
  5187 | D:6      | Reached XP level 8. HP: 52/73 MP: 7/7
  5233 | D:6      | Reached * piety under Makhleb
  6100 | D:6      | Killed a two-headed ogre
  6210 | D:7      | Noticed a hippogriff
  6219 | D:6      | Reached XP level 9. HP: 80/82 MP: 8/8
  6269 | D:7      | Paralysed by a hornet for 3 turns
  6275 | D:7      | Paralysed by a hornet for 2 turns
  6283 | D:7      | Mangled by an ogre

Vault maps used:
D:1:      nzn_arrival_settlement, dk_noncrumbling_2, minivault_27
D:2:      led_sif_pool
D:3:      old_standard_altar, grunt_gozag_statues, grunt_temple_overflow_open,
          nicolae_dithmenos_through_a_glass_darkly, first_ration, uniq_robin
D:4:      serial_shops, nicolae_shop_trees
D:5:      ashenzari_altar_1, minmay_temple_entry_butterflies, serial_shops,
          shop_statue
D:7:      minmay_misc_feat_doors
Temple:   kb_temple_of_zot

Skill      XL: |  1  2  3  4  5  6  7  8  9 |
---------------+----------------------------+-----
Dodging        | 1 2 3 |  3.0
Armour         | 4 5 7 8 9 |  9.0
Fighting       | 4 5 7 8 9 |  9.0
Axes           | 3 4 5 6 8 |  8.5
Shields        | |  3.6

Action                   |  1- 3 |  4- 6 |  7- 9 || total
-------------------------+-------+-------+-------++-------
Melee: War axe           |   115 |    86 |       ||   201
       Headbutt          |    14 |    21 |    29 ||    64
       Hand axe          |       |    55 |   152 ||   207
Evoke: Wand              |       |       |     3 ||     3
  Use: Potion            |     1 |       |     4 ||     5
       Scroll            |       |     4 |     4 ||     8
  Eat: Chunk             |     2 |     8 |     5 ||    15
       Ration            |       |       |     1 ||     1
Armor: Scale mail        |    56 |    60 |    39 ||   155
Dodge: Dodged            |    48 |    59 |    52 ||   159
Block: Shield            |    67 |    77 |    75 ||   219

Table legend:
 A = Spawn XP
 B = Non-spawn XP
 C = Spawn XP percentage of total XP
 D = Spawn monster count
 E = Non-spawn monster count
 F = Spawn count percentage of total count
 G = Total turns spent on level
                    A         B        C        D         E        F      G
               +---------+---------+-------+---------+---------+-------+---------
         Total |       0 |    3288 |   0.0 |       0 |     140 |   0.0 |  6283
               +---------+---------+-------+---------+---------+-------+---------
           D:1 |       0 |      41 |   0.0 |       0 |      23 |   0.0 |   960
           D:2 |       0 |      16 |   0.0 |       0 |       9 |   0.0 |   587
           D:3 |       0 |     356 |   0.0 |       0 |      53 |   0.0 |  1623
           D:4 |       0 |      98 |   0.0 |       0 |      10 |   0.0 |   510
           D:5 |       0 |     370 |   0.0 |       0 |      15 |   0.0 |  1019
           D:6 |       0 |    2075 |   0.0 |       0 |      28 |   0.0 |  1400
           D:7 |       0 |     332 |   0.0 |       0 |       2 |   0.0 |    37
               +---------+---------+-------+---------+---------+-------+---------
